 Dungeon Crawl Stone Soup version 0.30-a0-702-gdf48620a09 (webtiles) character file.

Game seed: 766000007678922012

86 acebull12 the Sneak (level 4, 0/33 HPs)
             Began as a Vampire Brigand on Jan 21, 2023.
             Slain by an orc
             ... wielding a +0 club
              (4 damage)
             ... on level 3 of the Dungeon.
             The game lasted 00:04:11 (1432 turns).

acebull12 the Sneak (Vampire Brigand)               Turns: 1432, Time: 00:04:11

Health: 0/33       AC:  3    Str: 10    XL:     4   Next: 26%
Magic:  4/4        EV: 12    Int: 19    God:
Gold:   142        SH:  0    Dex: 17    Spells: 3/3 levels left

rFire   . . .      SeeInvis +    a - +2 dagger
rCold   . . .      Faith    .    (no shield)
rNeg    . . .      Spirit   .    b - +0 robe
rPois   .          Reflect  .    (no helmet)
rElec   .          Harm     .    c - +0 cloak
rCorr   .          Rampage  .    (no gloves)
Will    .....                    (no boots)
Stlth   ++++                     (no amulet)
HPRegen 0.45/turn                h - +6 ring of intelligence
MPRegen 0.09/turn                (no ring)

@: healing quickly
A: alive, fangs 3, see invisible, vampiric 2
a: Exsanguinate


You were on level 3 of the Dungeon.
You visited 1 branch of the dungeon, and saw 3 of its levels.

You collected 142 gold pieces.

Inventory:

Hand Weapons
 a - a +2 dagger (weapon)
Missiles
 d - 9 poisoned darts (quivered)
 e - 3 curare-tipped darts
 j - 24 stones
Armour
 b - a +0 robe (worn)
 c - a +0 cloak (worn)
Jewellery
 h - a +6 ring of intelligence (left hand)
 q - a ring of fire
Scrolls
 f - a scroll of blinking {unknown}
 i - 2 scrolls of noise {unknown}
 k - 2 scrolls of poison {unknown}
 o - a scroll of fog {unknown}
Potions
 g - a potion of brilliance {unknown}
 l - a potion of heal wounds
 m - a potion of berserk rage {unknown}
 n - 3 potions of mutation {unknown}
 p - a potion of flight {unknown}


   Skills:
 + Level 1.8 Fighting
 + Level 2.6 Short Blades
 * Level 2.2 Throwing
 * Level 1.8 Dodging
 * Level 7.5 Stealth


You had 3 spell levels left.
You didn't know any spells.
Your spell library contained the following spells:

 Spells                   Type           Power      Damage    Failure   Level
 Apportation              Tloc           0%         N/A       21%         1
 Magic Dart               Conj           0%         1d3       21%         1
 Searing Ray              Conj           0%         2d4       30%         2
 Fulminant Prism          Conj/Hex       0%         3d5       90%         4
 Alistair's Intoxication  Tmut/Pois      0%         N/A       99%         5


Dungeon Overview and Level Annotations

Branches:
Dungeon (3/15)

Altars:


Innate Abilities, Weirdness & Mutations

Your natural rate of healing is accelerated.
You have razor-sharp teeth.
You have supernaturally acute eyesight. (SInv)
You are afflicted with vampirism and can become a bat while bloodless.


Message History

The orc hits you from afar with a +0 trident.
You barely miss the orc. The orc hits you but does no damage.
You hit the orc but do no damage. The orc hits you with a +0 club.
The orc closely misses you.
You barely miss the orc. The orc hits you with a +0 club.
The orc hits you from afar with a +0 trident!
You hit the orc but do no damage. The orc misses you.
The orc hits you from afar with a +0 trident.
You are too injured to fight recklessly!
You barely miss the orc. You hit the orc but do no damage.
The orc hits you with a +0 club.
You hit the orc but do no damage. Your bite misses the orc.
The orc hits you with a +0 club.
You hit the orc.
The orc is moderately wounded.
The orc hits you but does no damage.
You hit the orc but do no damage.
The orc is moderately wounded.
The orc hits you with a +0 club.
* * * LOW HITPOINT WARNING * * *
You hit the orc.
The orc is severely wounded.
The orc hits you with a +0 club.
* * * LOW HITPOINT WARNING * * *
You barely miss the orc.
The orc is severely wounded.
You barely miss the orc.
The orc is severely wounded.
The orc barely misses you.
You closely miss the orc.
The orc is severely wounded.
The orc hits you with a +0 club.
* * * LOW HITPOINT WARNING * * *
You hit the orc but do no damage.
The orc is severely wounded.
The orc closely misses you.
You hit the orc.
The orc is severely wounded.
The orc hits you with a +0 club.
You die...

##.#.# #...# .. #...# .
######### #.... .#
#...#...# #####.#/##
#.#.#.#.# .....
#.#...#.###### ####...#
..#####......###......##
..#####.................
#.#...#.########@##S..#
#.#.#.#.# #o# #
#.#.#...# #o# #########
.o. ..... .......
#....$..# #.[.....#
#.......#


You could see 3 orcs.

Vanquished Creatures
  2 adders (D:2)
  4 dart slugs
  An orc (D:3)
  8 bats
  9 endoplasms
  A giant cockroach (D:2)
  5 goblins
  3 hobgoblins
  4 jackals
  4 kobolds
  2 quokkas (D:1)
  2 ball pythons
  A frilled lizard (D:1)
  7 rats
53 creatures vanquished.

Notes
Turn   | Place    | Note
-------+----------+-------------------------------------------
     0 | D:1      | acebull12 the Vampire Brigand began the quest for the Orb.
     0 | D:1      | Reached XP level 1. HP: 16/16 MP: 1/1
    15 | D:1      | Reached skill level 6 in Stealth
   159 | D:1      | Reached XP level 2. HP: 22/22 MP: 2/2
   493 | D:1      | Reached skill level 7 in Stealth
   521 | D:1      | Gained mutation: You are afflicted with vampirism and can
                  | become a bat while bloodless. [Vampire growth]
   521 | D:1      | Reached XP level 3. HP: 27/27 MP: 3/3
   885 | D:2      | Identified the +1 mace "Inid" {venom, rF+ Str+3 Int-2
                  | Dex+4}
   965 | D:2      | Found a faded altar of an unknown god.
  1121 | D:2      | Reached XP level 4. HP: 22/33 MP: 4/4
  1432 | D:3      | Slain by an orc

Illustrated notes

Levels and vault maps discovered:
D:1:      minmay_arrival_stone_box, layout_loops_ring, st_stairs_2
D:2:      layout_rooms, ebering_ecumenical_altar_sacrificial
D:3:      layout_loops_cross, bh_walls_and_bars, uniq_terence

Skill      XL: |  1  2 |
---------------+-------+-----
Stealth        | 6 7 |  7.5
Throwing       | 2 |  2.2
Fighting       | |  1.8
Short Blades   | |  2.6
Dodging        | |  1.8

Action                   |  1- 3 |  4- 6 || total
-------------------------+-------+-------++-------
Melee: Dagger            |   101 |    35 ||   136
       Bite              |     7 |     2 ||     9
       Punch             |     2 |       ||     2
  Use: Potion            |     1 |       ||     1
 Stab: Sleeping          |    21 |     3 ||    24
Armor: Robe              |    31 |     4 ||    35
Dodge: Dodged            |    85 |    12 ||    97

Table legend: (Time is in decaauts)
 A = Elapsed time spent in this place.
 B = Non-inter-level travel time spent in this place.
 C = Inter-level travel time spent in this place.
 D = Time resting spent in this place.
 E = Time spent auto-exploring this place.
 F = Levels seen in this place.
 G = Mean time per level.
                   A        B        C        D        E       F      G
               +--------+--------+--------+--------+--------+-----+--------+
         Total |   1416 |   1334 |     82 |     19 |    958 |   3 |  472.0 |
       Dungeon |   1416 |   1334 |     82 |     19 |    958 |   3 |  472.0 |
               +--------+--------+--------+--------+--------+-----+--------+

Top non-repeatable levels by time:
     D:1: 695 daAuts
     D:2: 547 daAuts
     D:3: 173 daAuts
